 Dungeon Crawl Stone Soup version 0.17-a0-1011-gfa70bdd (webtiles) character file.

2521 Fluffy the Cleaver (level 9, -1/82 HPs)
             Began as a Hill Orc Fighter on May 13, 2015.
             Was a Believer of Okawaru.
             Slain by a polar bear (7 damage)
             ... on level 8 of the Dungeon.
             The game lasted 00:18:17 (5750 turns).

Fluffy the Cleaver (Hill Orc Fighter)               Turns: 5750, Time: 00:18:18

Health: -1/82      AC: 19    Str: 19    XL:     9   Next: 54%
Magic:  13/13      EV: 16    Int:  8    God:    Okawaru [**....]
Gold:   382        SH:  0    Dex: 18    Spells: 0 memorised, 8 levels left

rFire  . . .     SeeInvis +     E - +1 battleaxe
rCold  . . .     Clarity  .     h - +0 chain mail
rNeg   + . .     SustAb   .     (no shield)
rPois  .         Gourm    .     v - +2 helmet
rElec  .         Spirit   .     (no cloak)
rCorr  .         Warding  +     k - +1 pair of gloves
rMut   .         Stasis   .     (no boots)
MR     .....                    x - amulet of warding
Stlth  +.........               m - ring of flight
                                l - ring of see invisible

@: agile, heroism, not resistant to hostile enchantments, very unstealthy
A: no striking features
a: Heroism, Renounce Religion, Evoke Flight


You were on level 8 of the Dungeon.
You worshipped Okawaru.
Okawaru was pleased with you.
You were hungry.

You visited 2 branches of the dungeon, and saw 9 of its levels.

You collected 382 gold pieces.

Inventory:

Hand weapons
 c - the +8 quarterstaff of Yhala {drain, rF+ MP+9}
   (You found it on level 6 of the Dungeon)

   A truly terrible weapon, it drains the life of those it strikes.
   It protects you from fire.
   It affects your magic capacity (+9).
 E - a +1 battleaxe (weapon)
Armour
 h - a +0 chain mail (worn)
 k - a +1 pair of gloves (worn)
 v - a +2 helmet (worn)
Jewellery
 g - an uncursed amulet of the gourmand
 l - a ring of see invisible (left hand)
 m - a ring of flight (right hand)
 t - an uncursed ring of wizardry
 x - an amulet of warding (around neck)
Magical devices
 C - a wand of paralysis (5)
 G - a wand of cold (6)
Scrolls
 a - 2 scrolls of identify
 i - 2 scrolls of enchant weapon
 j - 9 scrolls of remove curse
 y - 2 scrolls of fear
 B - 2 scrolls of teleportation
 F - a scroll of amnesia
Potions
 b - 5 potions of curing
 d - a potion of might
 n - 4 potions of heal wounds
 o - a potion of agility
 p - a potion of haste
 u - 2 potions of brilliance
 z - a potion of berserk rage
 A - a potion of resistance
Comestibles
 e - 8 bread rations
 f - 3 meat rations
 q - 2 chunks of flesh
 r - 2 beef jerkies
 s - 2 fruits
 w - a slice of pizza


   Skills:
 + Level 8.8(13.8) Fighting
 + Level 9.1(14.1) Axes
 + Level 8.3(13.3) Armour
   Level 3.2(8.2) Shields
 + Level 6.0 Invocations


You had 8 spell levels left.
You didn't know any spells.

Dungeon Overview and Level Annotations

Branches:
Dungeon (8/15)             Temple (1/1) D:6
   Lair: D:8-11

Altars:
Ashenzari
Cheibriados
Dithmenos
Elyvilon
Fedhas
Gozag
Kikubaaqudgha
Makhleb
Nemelex Xobeh
Okawaru
Qazlal
Ru
Sif Muna
Trog
Vehumet
Xom
Yredelemnul
Zin
The Shining One


Message History

* * * LOW HITPOINT WARNING * * *
You completely miss the polar bear.
The polar bear bites you but does no damage.
The polar bear claws you but does no damage.
The polar bear barely misses you. The ogre hits you but does no damage.
You hit the polar bear but do no damage.
The polar bear bites you but does no damage.
The polar bear claws you but does no damage.
The polar bear claws you.
* * * LOW HITPOINT WARNING * * *
Drink which item? (? for menu, Esc to quit)
You feel agile all of a sudden. The ogre misses you. The polar bear bites you!
* * * LOW HITPOINT WARNING * * *
The polar bear misses you. The polar bear closely misses you.
The shadow imp gestures at you.
You struggle to resist.
The polar bear bites you!
You die...

##. #..≈≈≈≈≈≈ ...#
#..≈≈≈≈≈..
...###..≈≈≈≈≈≈.
##..#...≈≈≈≈≈≈. ...
##........≈≈≈... ..#
###.......≈..≈.≈..
..######.................
..#...........Oh...(.....
..............##@<.......
...............##........
...........Y#÷.##...####.
............#5..#...#
............#...#..##
##.................#
#..........#......#
#..#####.......#..# #..#
##..#..##..#


You could see a polar bear and an ogre.

Vanquished Creatures
  Menkaure (D:5)
  2 hippogriffs
  A wolf (D:8)
  A water moccasin (D:6)
  2 phantoms
  5 ogres
  An ice beast (D:8)
  3 centaurs
  Blork the orc (D:5)
  4 giant frogs
  4 wights (D:6)
  2 crimson imps
  A centaur skeleton (D:4)
  3 hounds
  A giant frog skeleton (D:6)
  2 worker ants
  4 gnolls (D:5)
  4 adders
  2 worker ant simulacra (D:8)
  2 white imps (D:8)
  3 shadow imps
  3 ufetubi (D:8)
  An adder skeleton (D:4)
  2 worms (D:2)
  7 orcs
  A ball python (D:3)
  9 bats
  5 giant cockroaches
  17 goblins
  13 hobgoblins
  7 jackals
  2 quokkas
  4 giant newts
  A jackal simulacrum (D:8)
  11 kobolds
  9 rats
141 creatures vanquished.

Notes
Turn   | Place    | Note
--------------------------------------------------------------
     0 | D:1      | Fluffy the Hill Orc Fighter began the quest for the Orb.
     0 | D:1      | Reached XP level 1. HP: 19/19 MP: 1/1
    81 | D:1      | Reached XP level 2. HP: 27/27 MP: 2/2
    94 | D:1      | Reached skill level 4 in Fighting
   889 | D:2      | Reached XP level 3. HP: 33/33 MP: 3/3
  1135 | D:2      | Found a shimmering altar of Xom.
  1712 | D:3      | Reached XP level 4. HP: 37/41 MP: 4/4
  2143 | D:4      | Noticed a hippogriff
  2401 | D:4      | Found a burning altar of Makhleb.
  2568 | D:4      | Reached XP level 5. HP: 47/47 MP: 5/5
  2573 | D:4      | Reached skill level 5 in Fighting
  2871 | D:5      | Entered Level 5 of the Dungeon
  2871 | D:5      | Noticed Menkaure
  2978 | D:4      | Killed a hippogriff
  2978 | D:4      | Reached skill level 5 in Axes
  2978 | D:4      | Reached skill level 5 in Armour
  2978 | D:4      | Reached XP level 6. HP: 31/56 MP: 6/6
  3118 | D:5      | Noticed a centaur
  3138 | D:5      | Killed a centaur
  3433 | D:5      | Reached XP level 7. HP: 62/62 MP: 7/7
  3638 | D:5      | Reached skill level 6 in Fighting
  3704 | D:5      | Noticed Blork the orc
  3716 | D:5      | Killed Blork the orc
  3853 | D:5      | Killed Menkaure
  3896 | D:6      | Found a staircase to the Ecumenical Temple.
  3902 | Temple   | Entered the Ecumenical Temple
  3999 | Temple   | Became a worshipper of Warmaster Okawaru
  4098 | D:6      | Reached skill level 1 in Invocations
  4112 | D:6      | Reached XP level 8. HP: 69/71 MP: 9/9
  4126 | D:6      | Reached skill level 7 in Axes
  4279 | D:6      | Acquired Okawaru's first power
  4533 | D:6      | Reached skill level 8 in Axes
  4643 | D:6      | Got a pitted quarterstaff
  4752 | D:6      | Identified the +8 quarterstaff of Yhala {drain, rF+ MP+9} (You found it on level 6 of the Dungeon)
  4958 | D:7      | Reached XP level 9. HP: 71/81 MP: 12/12
  5123 | D:7      | Reached skill level 5 in Invocations
  5653 | D:8      | Reached skill level 9 in Axes
  5739 | D:8      | HP: 3/82 [polar bear (7)]
  5750 | D:8      | Slain by a polar bear

Vault maps used:
D:1:      dpeg_arrival_morbid_curiosity
D:2:      lemuel_doored_altar, first_bread
D:3:      hangedman_decor_slide_cut
D:4:      bloody_makhleb
D:5:      hangedman_decor_points, kennysheep_generic_room_11,
          uniq_blork_the_orc, uniq_menkaure
D:6:      minmay_temple_entry_metal_lava
D:8:      serial_ice, serial_ice_e, serial_ice_c, serial_ice_h, serial_ice_a,
          serial_ice_o, serial_ice_i, serial_ice_n, serial_ice_b, serial_ice_m,
          serial_ice_f, grunt_ogre_cave, guppyfry_shop_venom, uniq_psyche
Temple:   kilobyte_greek_temple_18

Action                   |  1- 3 |  4- 6 |  7- 9 || total
-------------------------+-------+-------+-------++-------
Melee: War axe           |   135 |   187 |    88 ||   410
       Battleaxe         |       |       |   141 ||   141
Invok: Heroism           |       |       |     1 ||     1
Evoke: Wand              |       |       |     2 ||     2
  Use: Scroll            |       |    13 |     7 ||    20
       Potion            |       |       |     1 ||     1
 Stab: Paralysed         |       |       |     4 ||     4
  Eat: Chunk             |     4 |     5 |     8 ||    17
